2261 views
Uploaded 2021-12-09 04:56:58
Game version 1.32.10
30:08 long 1on1 ladder game on (2)BrightwaterOasis
Saved by SleepyBear
2261 views
Uploaded 2021-12-09 04:56:58
Game version 1.32.10
30:08 long 1on1 ladder game on (2)BrightwaterOasis

51 units @ 8.2k
/ 1.7k
23 buildings @ 2.6k
/ 1.2k


| Scroll of Regeneration | 6 | 600 |
| Lesser Clarity Potion | 3 | 210 |
| Potion of Healing | 2 | 300 |
| Scroll of Town Portal | 5 | 1750 |
| Potion of Lesser Invulnerability | 2 | 300 |
| Potion of Invisibility | 2 | 200 |
| total: | 20 | 3360g |
| Peasant | 14 | 1050 | / | 0 |
| Footman | 5 | 675 | / | 0 |
| Rifleman | 10 | 2050 | / | 300 |
| Sorceress | 3 | 465 | / | 60 |
| Priest | 3 | 405 | / | 30 |
| Spell Breaker | 2 | 430 | / | 60 |
| Dragonhawk Rider | 1 | 200 | / | 30 |
| Gryphon Rider | 1 | 280 | / | 70 |
| Goblin Sapper | 11 | 2365 | / | 1100 |
| Goblin Zeppelin | 1 | 240 | / | 60 |
| total: | 51 | 8160g | / | 1710w |
| Scout Tower | 7 | 210 | / | 140 |
| Arcane Tower | 2 | 140 | / | 100 |
| Guard Tower | 1 | 70 | / | 50 |
| Altar of Kings | 1 | 180 | / | 50 |
| Farm | 7 | 560 | / | 140 |
| Arcane Vault | 1 | 130 | / | 30 |
| Barracks | 1 | 160 | / | 60 |
| Blacksmith | 1 | 140 | / | 60 |
| Lumber Mill | 1 | 120 | / | 0 |
| Town Hall | 2 | 770 | / | 410 |
| Arcane Sanctum | 1 | 150 | / | 140 |
| Gryphon Aviary | 1 | 140 | / | 150 |
| Keep | 1 | 320 | / | 210 |
| Castle | 1 | 360 | / | 210 |
| total: | 23 | 2560g | / | 1180w |
| 0:03 | Peasant |
| 0:03 | Peasant |
| 0:11 | Altar of Kings |
| 0:19 | Farm |
| 0:31 | Peasant |
| 0:43 | Peasant |
| 0:58 | Farm |
| 1:15 | Peasant |
| 1:15 | Peasant |
| 1:33 | Arcane Vault |
| 1:38 | Barracks |
| 1:51 | Peasant |
| 1:53 | Peasant |
| 1:53 | Peasant |
| 1:53 | Peasant |
| 2:00 | Scout Tower |
| 2:00 | Scout Tower |
| 2:01 | Scout Tower |
| 2:02 | Scout Tower |
| 2:14 | Blizzard |
| 2:15 | Blizzard |
| 2:35 | Farm |
| 2:36 | Farm |
| 2:51 | Footman |
| 2:52 | Footman |
| 3:00 | Footman |
| 3:12 | Blacksmith |
| 3:30 | Footman |
| 3:41 | Scroll of Regeneration |
| 3:41 | Lesser Clarity Potion |
| 4:07 | Scout Tower |
| 4:08 | Scout Tower |
| 4:09 | Scout Tower |
| 4:20 | Lumber Mill |
| 4:29 | Rifleman |
| 4:36 | Scroll of Regeneration |
| 4:36 | Lesser Clarity Potion |
| 4:54 | Arcane Tower |
| 4:56 | Rifleman |
| 5:08 | Rifleman |
| 5:50 | Brilliance Aura |
| 5:52 | Peasant |
| 5:53 | Peasant |
| 6:00 | Arcane Tower |
| 6:01 | Guard Tower |
| 6:06 | Footman |
| 6:10 | Farm |
| 7:09 | Blizzard |
| 7:09 | Blizzard |
| 7:19 | Town Hall |
| 7:28 | Keep |
| 7:29 | Rifleman |
| 7:47 | Farm |
| 8:06 | Rifleman |
| 8:35 | Rifleman |
| 9:23 | Rifleman |
| 9:33 | Farm |
| 9:36 | Black Gunpowder |
| 9:37 | Iron Forged Swords |
| 9:40 | Rifleman |
| 9:48 | Improved Lumber Harvesting |
| 9:48 | Improved Masonry |
| 9:53 | Scroll of Regeneration |
| 10:35 | Town Hall |
| 10:48 | Scroll of Regeneration |
| 10:49 | Lesser Clarity Potion |
| 11:20 | Arcane Sanctum |
| 11:27 | Scroll of Regeneration |
| 11:39 | Peasant |
| 11:40 | Peasant |
| 11:58 | Long Rifles |
| 12:00 | Studded Leather Armor |
| 12:06 | Gryphon Aviary |
| 12:11 | Storm Bolt |
| 12:19 | Sorceress |
| 12:44 | Brilliance Aura |
| 13:22 | Sorceress |
| 13:26 | Priest |
| 13:29 | Rifleman |
| 13:54 | Scroll of Regeneration |
| 14:07 | Scroll of Town Portal |
| 14:07 | Scroll of Town Portal |
| 14:08 | Scroll of Town Portal |
| 14:52 | Rifleman |
| 14:53 | Priest |
| 15:22 | Sorceress |
| 15:23 | Priest Adept Training |
| 15:23 | Sorceress Adept Training |
| 15:35 | Thunder Clap |
| 15:48 | Potion of Lesser Invulnerability |
| 16:29 | Spell Breaker |
| 16:29 | Spell Breaker |
| 16:32 | Castle |
| 17:36 | Dragonhawk Rider |
| 17:47 | Scroll of Town Portal |
| 17:48 | Potion of Healing |
| 18:30 | Potion of Invisibility |
| 18:32 | Potion of Lesser Invulnerability |
| 18:48 | Goblin Sapper |
| 18:48 | Goblin Sapper |
| 18:48 | Goblin Sapper |
| 18:59 | Goblin Sapper |
| 19:16 | Blizzard |
| 19:43 | Gryphon Rider |
| 20:09 | Potion of Invisibility |
| 20:22 | Storm Hammers |
| 21:12 | Goblin Zeppelin |
| 21:13 | Goblin Sapper |
| 21:13 | Goblin Sapper |
| 21:13 | Goblin Sapper |
| 21:13 | Goblin Sapper |
| 21:22 | Goblin Sapper |
| 21:22 | Goblin Sapper |
| 21:22 | Goblin Sapper |
| 22:51 | Priest |
| 24:10 | Storm Bolt |
| 24:52 | Scroll of Town Portal |
| 28:00 | Potion of Healing |
| Right click | 1424 |
| Select group | 453 |
| Select | 432 |
| Build/train/purchase | 127 |
| Use ability | 72 |
| Assign group | 61 |
| Item give/drop | 5 |
| Remove unit | 5 |
| Chat | 4 |
| Misc. action | 3 |
| Esc | 3 |
52 units @ 5.8k
/ 1k
24 buildings @ 4.2k
/ 1.8k



| Lesser Clarity Potion | 1 | 70 |
| Potion of Mana | 1 | 200 |
| Staff of Preservation | 2 | 300 |
| Orb of Venom | 1 | 325 |
| Scroll of Town Portal | 1 | 350 |
| Boots of Speed | 2 | 500 |
| total: | 8 | 1745g |
| Wisp | 23 | 1380 | / | 0 |
| Archer | 9 | 1170 | / | 90 |
| Huntress | 6 | 1170 | / | 120 |
| Dryad | 13 | 1885 | / | 780 |
| Hippogryph | 1 | 160 | / | 20 |
| total: | 52 | 5765g | / | 1010w |
| Ancient Protector | 5 | 675 | / | 400 |
| Moon Well | 9 | 1620 | / | 360 |
| Ancient of War | 1 | 150 | / | 60 |
| Altar of Elders | 1 | 180 | / | 50 |
| Hunter's Hall | 1 | 210 | / | 100 |
| Ancient of Wonders | 2 | 180 | / | 60 |
| Tree of Life | 2 | 680 | / | 370 |
| Ancient of Lore | 2 | 310 | / | 290 |
| Ancient of Wind | 1 | 150 | / | 140 |
| Tree of Ages | 1 | 320 | / | 180 |
| Tree of Eternity | 1 | 330 | / | 200 |
| total: | 24 | 4155g | / | 1830w |
| 0:03 | Wisp |
| 0:04 | Wisp |
| 0:04 | Wisp |
| 0:04 | Wisp |
| 0:10 | Moon Well |
| 0:19 | Ancient of War |
| 0:32 | Altar of Elders |
| 0:35 | Wisp |
| 0:50 | Wisp |
| 1:04 | Wisp |
| 1:15 | Wisp |
| 1:24 | Archer |
| 1:43 | Archer |
| 1:46 | Wisp |
| 1:50 | Moon Well |
| 2:06 | Moon Well |
| 2:32 | Archer |
| 2:48 | Cluster Rockets |
| 2:54 | Archer |
| 3:33 | Archer |
| 3:35 | Wisp |
| 3:36 | Wisp |
| 3:36 | Wisp |
| 3:49 | Hunter's Hall |
| 3:52 | Ancient of Wonders |
| 3:56 | Ancient of Wonders |
| 3:59 | Wisp |
| 3:59 | Wisp |
| 4:03 | Archer |
| 4:38 | Archer |
| 4:49 | Engineering Upgrade |
| 4:51 | Archer |
| 4:58 | Tree of Ages |
| 5:32 | Strength of the Moon |
| 5:32 | Moon Armor |
| 5:46 | Archer |
| 5:48 | Moon Well |
| 6:13 | Moon Well |
| 6:32 | Lesser Clarity Potion |
| 6:54 | Huntress |
| 6:54 | Huntress |
| 6:58 | Cluster Rockets |
| 7:37 | Huntress |
| 7:37 | Huntress |
| 7:49 | Potion of Mana |
| 7:50 | Staff of Preservation |
| 8:19 | Breath of Fire |
| 9:48 | Moon Well |
| 9:48 | Moon Well |
| 9:50 | Tree of Eternity |
| 10:16 | Improved Strength of the Moon |
| 10:28 | Engineering Upgrade |
| 10:34 | Drunken Brawler |
| 10:37 | Moon Glaive |
| 10:38 | Huntress |
| 10:47 | Moon Well |
| 10:48 | Moon Well |
| 11:32 | Huntress |
| 11:35 | Ancient of Lore |
| 11:36 | Ancient of Lore |
| 13:04 | Breath of Fire |
| 13:20 | Dryad |
| 14:04 | Orb of Venom |
| 14:04 | Staff of Preservation |
| 14:09 | Dryad |
| 14:33 | Ancient of Wind |
| 14:34 | Advanced Strength of the Moon |
| 14:34 | Improved Moon Armor |
| 14:35 | Well Spring |
| 14:37 | Strength of the Wild |
| 14:37 | Reinforced Hides |
| 14:38 | Ultravision |
| 15:18 | Dryad |
| 15:53 | Silence |
| 16:32 | Cluster Rockets |
| 17:07 | Dryad |
| 18:01 | Black Arrow |
| 18:04 | Boots of Speed |
| 18:08 | Boots of Speed |
| 18:47 | Drunken Brawler |
| 19:04 | Improved Strength of the Wild |
| 19:06 | Improved Reinforced Hides |
| 20:05 | Silence |
| 20:09 | Dryad |
| 20:09 | Dryad |
| 20:09 | Dryad |
| 22:17 | Tree of Life |
| 22:21 | Ancient Protector |
| 22:21 | Ancient Protector |
| 22:21 | Ancient Protector |
| 22:22 | Ancient Protector |
| 22:22 | Ancient Protector |
| 22:56 | Dryad |
| 22:56 | Dryad |
| 24:35 | Wisp |
| 24:35 | Wisp |
| 24:35 | Wisp |
| 24:36 | Wisp |
| 24:36 | Wisp |
| 24:48 | Tree of Life |
| 25:32 | Scroll of Town Portal |
| 26:09 | Hippogryph |
| 28:38 | Dryad |
| 28:38 | Dryad |
| 28:38 | Dryad |
| 28:38 | Dryad |
| 30:07 | Wisp |
| 30:07 | Wisp |
| 30:07 | Wisp |
| 30:07 | Wisp |
| Right click | 945 |
| Select | 364 |
| Build/train/purchase | 91 |
| Use ability | 74 |
| Item give/drop | 9 |
| Remove unit | 5 |
| Misc. action | 1 |
⇛